 Dungeon Crawl Stone Soup version 0.26-a0-670-g578ab304f5 (webtiles) character file.

Game seed: 12108962422693858398

746821 Peloso the Minotaur Barricade (level 27, -1/272 (273) HPs)
             Began as a Minotaur Fighter on Oct 18, 2020.
             Was the Champion of Okawaru.
             Killed from afar by a hellion (35 damage)
             ... with damnation
             ... on level 14 of a ziggurat on Oct 19, 2020.
             The game lasted 06:09:52 (97627 turns).

Peloso the Minotaur Barricade (Minotaur Fighter)   Turns: 97627, Time: 06:09:53

HP:   -1/272 (273)  AC: 53    Str: 44    XL:     27
MP:   38/38         EV: 22    Int:  8    God:    Okawaru [******]
Gold: 3812          SH: 29    Dex: 23    Spells: 28/28 levels left

rFire    + + +     SeeInvis .   b - +9 demon blade of Reinforcement {drain, Str+4 Dex+3}
rCold    + + +     Faith    .   c - +2 shield of Resistance {rF++ rC++ MR++}
rNeg     + + .     Spirit   .   D - +12 gold dragon scales
rPois    +         Reflect  +   q - +2 hood of the Assassin {Detection Stab+ Stlth++}
rElec    +         Harm     .   y - +2 cloak {Stlth+}
rCorr    .         Rampage  .   m - +2 pair of gloves {Str+3}
MR       ++++.                  P - +2 pair of boots {Fly}
Stlth    ..........             L - amulet of Ucosaurgh {Reflect rN++ SH+5}
HPRegen  0.95/turn              Y - ring of Xom's Pride {Wiz Str+7 Int+3}
MPRegen  0.26/turn              N - ring "Pysu Lyl" {+Blink rElec rPois rF+ Dex+6}

@: flying
A: retaliatory headbutt, horns 2, agile 1, high mp 1, regeneration 1, weak 1,
sturdy frame 1
}: 4/15 runes: serpentine, barnacled, slimy, silver
a: Heroism, Finesse, Renounce Religion, Evoke Blink, Stop Flying


You were on level 14 of a ziggurat.
You worshipped Okawaru.
Okawaru was exalted by your worship.
You visited 13 branches of the dungeon, and saw 57 of its levels.
You visited the Abyss 1 time.
You visited 2 bazaars.
You visited 1 ziggurat, and saw 14 of its levels.
You also visited: Trove, Ossuary, Gauntlet and Desolation.

You collected 9363 gold pieces.
You spent 5551 gold pieces at shops.

Inventory:

Hand Weapons
 a - a +9 double sword of electrocution
 b - the +9 demon blade of Reinforcement (weapon) {drain, Str+4 Dex+3}
   (You found it in a treasure trove)

   A truly terrible weapon, it drains the life of those it strikes.
   It affects your strength (+4).
   It affects your dexterity (+3).
 p - a +9 demon blade of flaming
Armour
 c - the +2 shield of Resistance (worn) {rF++ rC++ MR++}
   (You found it in a treasure trove)

   It greatly protects you from fire.
   It greatly protects you from cold.
   It affects your resistance to hostile enchantments.
 m - a +2 pair of gloves of strength (worn)
 q - the +2 hood of the Assassin (worn) {Detection Stab+ Stlth++}
   (You found it on level 3 of the Crypt)

   It makes you much more stealthy.
 y - a +2 cloak of stealth (worn)
 D - +12 gold dragon scales (worn)
 E - a +2 pair of boots of running
 P - a +2 pair of boots of flying (worn)
Jewellery
 x - the ring "Ynil" {rF+ MR+ Int+2}
   (You found it on level 6 of a ziggurat)

   [ring of protection from fire]

   It affects your intelligence (+2).
   It protects you from fire.
   It affects your resistance to hostile enchantments.
 K - the ring "Damnable Contraption" {rPois rC- MR+ rCorr Int+3}
   (You found it in the Desolation of Salt)

   [ring of resist corrosion]

   It affects your intelligence (+3).
   It makes you vulnerable to cold.
   It protects you from poison.
   It affects your resistance to hostile enchantments.
   It provides partial protection from all sources of acid and corrosion.
 L - the amulet of Ucosaurgh (around neck) {Reflect rN++ SH+5}
   (You found it in the Desolation of Salt)

   [amulet of reflection]

   It shields you and reflects attacks.
   It greatly protects you from negative energy.
   It affects your SH (+5).
 N - the ring "Pysu Lyl" (right hand) {+Blink rElec rPois rF+ Dex+6}
   (You found it in a Gauntlet)

   [ring of dexterity]

   It affects your dexterity (+6).
   It protects you from fire.
   It insulates you from electricity.
   It protects you from poison.
   It lets you blink.
 R - the amulet of the Four Winds {rN+ MR+++ Clar}
   (You bought it in a shop on level 3 of the Elven Halls)

   [amulet of nothing]

   It protects you from negative energy.
   It affects your resistance to hostile enchantments.
   It protects you against confusion.
 W - the amulet of Vitality {Regen+ HP+15}
   (You took it off a wizard on level 3 of the Depths)

   [amulet of regeneration]

   It affects your health (+15).
   It increases your rate of regeneration.
 Y - the ring of Xom's Pride (left hand) {Wiz Str+7 Int+3}
   (You took it off a deep elf mage on level 3 of the Elven Halls)

   [ring of wizardry]

   It improves your spell success rate.
   It affects your strength (+7).
   It affects your intelligence (+3).
Wands
 d - a wand of enslavement (2)
 A - a wand of digging (20)
Scrolls
 h - 31 scrolls of remove curse
 i - 2 scrolls of enchant weapon
 j - 30 scrolls of identify
 n - a scroll of holy word
 o - 6 scrolls of fog
 u - a scroll of immolation
 v - 10 scrolls of fear
 z - 5 scrolls of magic mapping
 F - 17 scrolls of teleportation
 G - 4 scrolls of noise
 V - 2 scrolls of blinking
Potions
 e - 15 potions of haste
 f - 23 potions of curing
 g - 2 potions of berserk rage
 k - 10 potions of mutation
 r - 2 potions of brilliance
 s - 5 potions of resistance
 t - 9 potions of stabbing
 B - 3 potions of heal wounds
 I - 15 potions of might


   Skills:
 O Level 27 Fighting
 O Level 27 Long Blades
   Level 2.7 Polearms
 + Level 1.5 Throwing
 O Level 27 Armour
 + Level 15.5 Dodging
 + Level 5.7 Stealth
 O Level 27 Shields
 + Level 4.3 Unarmed Combat
 + Level 1.0 Spellcasting
 + Level 18.4 Invocations
 + Level 2.3 Evocations


You had 28 spell levels left.
You didn't know any spells.
Your spell library contained the following spells:

 Spells                   Type           Power        Failure   Level
 Animate Skeleton         Necr           #.....       38%         1
 Beastly Appendage        Tmut           #.....       38%         1
 Corona                   Hex            #......      38%         1
 Foxfire                  Conj/Fire      #...         38%         1
 Freeze                   Ice            #...         38%         1
 Magic Dart               Conj           #...         38%         1
 Pain                     Necr           #...         38%         1
 Sandblast                Erth           #.....       38%         1
 Shock                    Conj/Air       #...         38%         1
 Sting                    Tmut/Pois      #...         38%         1
 Summon Small Mammal      Summ           #...         38%         1
 Call Imp                 Summ           #.......     50%         2
 Corpse Rot               Necr/Air       N/A          50%         2
 Passwall                 Tmut/Erth      #.......     50%         2
 Poisonous Vapours        Pois/Air       #.....       50%         2
 Searing Ray              Conj           #.....       50%         2
 Slow                     Hex            #.......     50%         2
 Sublimation of Blood     Necr           #.........   50%         2
 Swiftness                Air            #.......     50%         2
 Wereblood                Tmut           #.......     50%         2
 Call Canine Familiar     Summ           #.......     73%         3
 Confusing Touch          Hex            #.......     73%         3
 Conjure Flame            Conj/Fire      #.......     73%         3
 Dazzling Flash           Conj/Hex       #.....       73%         3
 Frozen Ramparts          Ice            #.....       73%         3
 Gell's Gravitas          Tloc           #.........   73%         3
 Ignite Poison            Fire/Tmut/Pois #.......     73%         3
 Inner Flame              Hex/Fire       #.......     73%         3
 Mephitic Cloud           Conj/Pois/Air  #.......     73%         3
 Ozocubu's Armour         Ice            #.......     73%         3
 Portal Projectile        Hex/Tloc       #.....       73%         3
 Spider Form              Tmut/Pois      #.........   73%         3
 Static Discharge         Conj/Air       #.......     73%         3
 Summon Guardian Golem    Hex/Summ       #.......     73%         3
 Tukima's Dance           Hex            #.......     73%         3
 Vampiric Draining        Necr           #.........   73%         3
 Airstrike                Air            #.........   98%         4
 Cause Fear               Hex            #.........   98%         4
 Dispel Undead            Necr           #.......     98%         4
 Fulminant Prism          Conj/Hex       #.........   98%         4
 Hailstorm                Conj/Ice       #.......     98%         4
 Ice Form                 Ice/Tmut       #.......     98%         4
 Iskenderun's Mystic Bla  Conj/Tloc      #.......     98%         4
 Leda's Liquefaction      Hex/Erth       #.........   98%         4
 Olgreb's Toxic Radiance  Pois           #.......     98%         4
 Passage of Golubria      Tloc           N/A          98%         4
 Petrify                  Tmut/Erth      #.......     98%         4
 Sticky Flame             Conj/Fire      #.......     98%         4
 Summon Ice Beast         Ice/Summ       #.......     98%         4
 Summon Lightning Spire   Summ/Air       #.......     98%         4
 Agony                    Necr           #.......     100%        5
 Alistair's Intoxication  Tmut/Pois      #........    100%        5
 Blade Hands              Tmut           #.........   100%        5
 Bolt of Magma            Conj/Fire/Erth #.........   100%        5
 Borgnjor's Vile Clutch   Necr/Erth      #.........   100%        5
 Excruciating Wounds      Necr           #.........   100%        5
 Fireball                 Conj/Fire      #.........   100%        5
 Irradiate                Conj/Tmut      #.........   100%        5
 Iskenderun's Battlesphe  Conj           #.......     100%        5
 Lee's Rapid Deconstruct  Erth           #.........   100%        5
 Lightning Bolt           Conj/Air       #.........   100%        5
 Metabolic Englaciation   Hex/Ice        #.........   100%        5
 Silence                  Hex/Air        #.........   100%        5
 Summon Demon             Summ           #.........   100%        5
 Summon Forest            Summ/Tloc      #.........   100%        5
 Summon Mana Viper        Hex/Summ       #.......     100%        5
 Yara's Violent Unravell  Hex/Tmut       #.........   100%        5
 Death Channel            Necr           #.........   100%        6
 Dispersal                Tloc           #.........   100%        6
 Eringya's Noxious Bog    Tmut/Pois      #.........   100%        6
 Freezing Cloud           Conj/Ice/Air   #.........   100%        6
 Invisibility             Hex            #.......     100%        6
 Iron Shot                Conj/Erth      #.........   100%        6
 Ozocubu's Refrigeration  Ice            #.........   100%        6
 Shadow Creatures         Summ           N/A          100%        6
 Simulacrum               Ice/Necr       #.........   100%        6
 Statue Form              Tmut/Erth      #........    100%        6
 Haunt                    Necr/Summ      #.........   100%        7
 Orb of Destruction       Conj           #.........   100%        7
 Spellforged Servitor     Conj/Summ      #.........   100%        7
 Summon Hydra             Summ           #.........   100%        7
 Borgnjor's Revivificati  Necr           #.........   100%        8
 Discord                  Hex            #.........   100%        8
 Disjunction              Tloc           #.........   100%        8
 Infestation              Necr           #.........   100%        8
 Necromutation            Tmut/Necr      #.........   100%        8
 Death's Door             Necr           #.........   100%        9
 Shatter                  Erth           #.........   100%        9


Dungeon Overview and Level Annotations

Branches:
Dungeon (15/15)            Temple (1/1) D:4            Lair (6/6) D:10
 Shoals (4/4) Lair:2        Snake (4/4) Lair:4        Slime (5/5) Lair:5
    Orc (2/2) D:12            Elf (3/3) Orc:2        Vaults (5/5) D:14
  Crypt (3/3) Vaults:3       Tomb (0/3) Crypt:3      Depths (5/5) D:15
   Hell (visited)             Zot (3/5) Depths:5    Ossuary (visited)
Desolation (visited)      Gauntlet (visited)
    Dis: Hell:1         Geh: Hell:1         Coc: Hell:1         Tar: Hell:1

Altars:
Ashenzari
Cheibriados
Dithmenos
Elyvilon
Fedhas
Gozag
Hepliaklqana
Kikubaaqudgha
Makhleb
Nemelex Xobeh
Okawaru
Qazlal
Ru
Sif Muna
Trog
Uskayaw
Vehumet
Wu Jian
Xom
Yredelemnul
Zin
The Shining One
Beogh

Shops:
D:12 ?   Orc:2 :*=(   Elf:3 =*[!   Snake:3 !(   Snake:4 [   Vaults:1 }([(}
Vaults:4 *   Depths:1 =**:   Depths:4 *==}

Portals:
Hell: Depths:1 Depths:2 Depths:3 Depths:4 Depths:5
Abyss: Depths:4 Depths:5
Pandemonium: Depths:3

Annotations:
Lair:6 Casa


Innate Abilities, Weirdness & Mutations

You reflexively headbutt those who attack you in melee.
You have a pair of horns on your head.
You are agile. (Dex +2)
You have an increased reservoir of magic. (+10% MP)
Your natural rate of healing is unusually fast.
You are weak. (Str -2)
Your movements are slightly less encumbered by armour. (ER -2)


Message History

The sphere of damnation explodes!
The damnation engulfs you!!! The hellion gestures at you.
The sphere of damnation explodes!
The damnation engulfs you!!! The hellion gestures at you.
The sphere of damnation explodes!
The damnation engulfs you!!!
* * * LOW HITPOINT WARNING * * *
The hellion gestures at you.
The sphere of damnation explodes!
The damnation engulfs you!
* * * LOW HITPOINT WARNING * * *
The hellion gestures at you.
The sphere of damnation explodes!
The damnation engulfs you!!
* * * LOW HITPOINT WARNING * * *
A caustic shrike zombie comes into view.
You hear a roar!
Really read the scroll of immolation?
As you read the scroll of immolation, it crumbles to dust.
The creatures around you are filled with an inner flame!
The hellion gestures at you.
The sphere of damnation explodes!
The damnation engulfs you!!
You die...

▓ZzZ......................▓
▓........2................▓
▓...........Z.............▓
▓........2..............▓▓
▓.Z.......Z...........▓▓
▓.......22.2..........▓
▓.......Z.Z.......▓▓▓
▓........Z......▓▓
▓▓▓........@..▓▓▓
▓▓▓▓▓▓.▓▓▓▓▓▓ ▓▓▓


You could see 2 balrugs, 3 hellions, a spriggan defender zombie (inner flame), a
caustic shrike zombie (inner flame), a spark wasp zombie (inner flame), a
caustic shrike skeleton (inner flame) and a juggernaut skeleton (inner flame).

Vanquished Creatures
  the Royal Jelly (Slime:5)
  Mara (Crypt:1)
  3 juggernauts
  4 greater mummies
  Sojobo (Vaults:2)
  Saint Roka (Orc:2)
  8 caustic shrikes (Depths:4)
  A Killer Klown (Zig:4)
  Geryon (Hell)
  Nikola (Vaults:1)
  A profane servitor (Abyss:4)
  8 golden dragons
  3 bone dragons
  An electric golem (Zot:2)
  2 iron giants (Zig:11)
  16 tentacled monstrosities
  9 liches
  A quicksilver dragon (Depths:4)
  3 titans
  A deep elf master archer (Elf:3)
  2 death cobs (Zot:3)
  An Executioner (Abyss:5)
  4 ancient champions
  A kraken (Shoals:3)
  17 acid blobs
  6 sphinxes
  12 tentacled starspawn
  11 storm dragons
  11 shadow dragons
  2 draconian monks
  12 tengu reavers
  18 nagarajas
  A revenant (Crypt:2)
  15 frost giants
  Roxanne (Shoals:4)
  A draconian knight (Zot:3)
  11 azure jellies
  2 fire giants (shapeshifter)
  2 ghost moths (Zot:3)
  A ghost moth (shapeshifter) (Vaults:5)
  4 orc warlords
  13 fire giants
  3 balrugs
  A frost giant (shapeshifter) (Depths:4)
  9 deep elf sorcerers
  A draconian scorcher (Zot:3)
  3 imperial myrmidons (Desolation)
  An iron dragon (Vaults:5)
  5 draconian shifters (Zot:3)
  A cacodemon (Abyss:4)
  6 vault wardens
  Louise (Shoals:4)
  An angel (Abyss:3)
  3 deep elf elementalists
  5 reapers
  4 ghouls
  12 ironheart preservers
  32 stone giants
  7 draconian annihilators
  4 curse skulls
  25 vampire knights
  3 war gargoyles
  7 green draconians
  16 very ugly things
  An entropy weaver (Vaults:4)
  6 deep elf demonologists
  2 bennus (Zig:7)
  8 black draconians
  A lorocyproca (Zig:6)
  An ophan (Abyss:2)
  10 yellow draconians
  6 deep elf annihilators
  8 white draconians
  2 halazid warlocks (Desolation)
  4 red draconians
  A minotaur (Gauntlet)
  3 purple draconians
  23 small abominations
  2 pale draconians (Depths:5)
  9 ettins
  15 merfolk impalers
  3 blizzard demons
  9 fire dragons
  8 jiangshi (Crypt:3)
  A merfolk javelineer (Zig:10)
  10 deep elf death magi
  3 crystal guardians
  6 mummy priests
  9 death oozes (Slime:5)
  5 green deaths
  11 yaktaur captains
  3 eidola
  A quicksilver dragon zombie (Crypt:3)
  6 deep elf high priests
  9 great orbs of eyes
  12 ogre magi
  31 vault guards
  11 ragged hierophants (Desolation)
  Harold (Lair:2)
  18 hydras
  A boulder beetle (shapeshifter) (D:15)
  The ghost of Conn the Thaumaturge, a journeyman OpVM of Vehumet (D:12)
  Erolcha (D:11)
  6 ice dragons
  4 boulder beetles
  A quicksilver dragon skeleton (Abyss:1)
  A catoblepas (Shoals:2)
  9 rakshasas
  A caustic shrike simulacrum (Zig:6)
  8 merfolk aquamancers
  7 servants of whispers (Desolation)
  8 anacondas
  3 spriggan air magi
  10 peacekeepers (Desolation)
  2 ghost crabs (Zig:12)
  16 naga warriors
  11 centaur warriors
  3 shambling mangroves
  3 alligators
  2 alligator snapping turtles (Shoals:4)
  7 merfolk avatars
  52 two-headed ogres
  6 death knights
  4 tengu warriors
  A death scarab (Zig:7)
  4 satyrs
  33 dancing weapons
  6 deep troll earth magi
  13 vampire magi
  8 hell hogs
  6 death yaks
  46 large abominations
  16 naga sharpshooters
  7 deep troll shamans
  7 orc high priests
  14 thrashing horrors
  3 spriggan berserkers
  A titan zombie (Depths:4)
  17 wretched stars
  2 storm dragon zombies
  A shock serpent (Snake:3)
  23 deep elf knights
  27 hell knights
  2 iron golems (Depths:1)
  5 spriggans
  5 soul eaters
  4 shadow wraiths
  Nergalle (Lair:4)
  4 iron trolls
  A titan skeleton (Crypt:3)
  7 sun demons
  2 fire crabs
  34 skeletal warriors
  2 salamander mystics (Snake:4)
  3 sixfirhies
  2 storm dragon skeletons
  26 deep trolls
  4 spatial maelstroms
  2 golden dragon skeletons
  An obsidian statue (Zig:5)
  10 flayed ghosts
  2 golden dragon zombies
  18 sea snakes
  19 deep elf archers
  3 glowing orange brains
  3 spark wasp zombies
  2 anaconda zombies
  5 unseen horrors
  5 wizards
  8 naga ritualists
  3 orange crystal statues (Zig:5)
  2 shadow dragon zombies
  A wolf spider zombie (D:14)
  23 harpies
  2 anaconda skeletons
  7 swamp dragons
  18 necromancers
  28 phantasmal warriors
  A harpy (shapeshifter) (Vaults:4)
  65 deep elf magi
  11 ironbrand convokers
  2 frost giant zombies
  24 orc knights
  A shadow dragon skeleton (Crypt:1)
  9 orc sorcerers
  12 mana vipers
  A human zombie (Vaults:4)
  3 oklob plants
  5 shining eyes
  9 cyclopes
  5 worldbinders
  15 moths of wrath
  52 ugly things
  7 wolf spiders
  21 fauns
  101 slime creatures
  5 fire giant zombies
  15 manticores
  An iron dragon skeleton (Crypt:1)
  14 merfolk sirens
  3 stone giant zombies
  13 guardian serpents
  6 elephants
  5 salamanders
  A sphinx skeleton (Depths:1)
  30 black mambas
  Joseph (D:8)
  12 rust devils
  A dire elephant zombie (Crypt:1)
  3 frost giant skeletons
  An elf zombie (Zig:11)
  An elephant (shapeshifter) (Depths:4)
  Maurice (D:8)
  3 eyes of devastation
  A torpor snail (Lair:6)
  19 cane toads
  13 smoke demons
  14 vault sentinels
  18 naga magi
  A gargoyle (D:15)
  8 water nymphs
  A dire elephant skeleton (Hell)
  A molten gargoyle (Desolation)
  A storm dragon simulacrum (D:15)
  3 apocalypse crabs
  3 komodo dragons (shapeshifter)
  5 orange demons
  A catoblepas zombie (Crypt:3)
  14 rime drakes
  A black draconian zombie (Crypt:2)
  An emperor scorpion zombie (Hell)
  A spriggan zombie (Zig:5)
  A cane toad (shapeshifter) (Abyss:5)
  A green draconian zombie (Crypt:2)
  A hellion (Abyss:3)
  2 ice devils
  2 efreet
  A yaktaur (shapeshifter) (Depths:2)
  3 kobold demonologists
  A pale draconian skeleton (Crypt:2)
  2 tormentors (Zig:11)
  11 komodo dragons
  An anaconda simulacrum (Abyss:2)
  14 freezing wraiths
  41 yaktaurs
  A black draconian skeleton (Crypt:3)
  A golden dragon simulacrum (Abyss:1)
  5 hellwings
  16 ancient zymes
  14 guardian mummies
  A red devil (Gauntlet)
  6 tengu conjurers
  A tyrant leech (Zig:12)
  39 merfolk
  2 red draconian skeletons
  A spriggan skeleton (Zig:8)
  3 polar bears
  9 wind drakes
  A queen ant zombie (Crypt:3)
  8 trolls
  2 trolls (shapeshifter)
  2 hydra zombies
  A sphinx simulacrum (Vaults:1)
  An iron dragon simulacrum (Hell)
  58 saltlings (Desolation)
  28 blink frogs
  A harpy skeleton (Crypt:1)
  6 bog bodies
  A hydra skeleton (Crypt:1)
  A blink frog (shapeshifter) (Depths:2)
  2 ettin zombies
  2 wolf spider simulacra
  38 raiju
  18 hornets
  A shadow dragon simulacrum (Crypt:3)
  7 dream sheep
  A tarantella zombie (Crypt:2)
  An ice dragon zombie (Abyss:1)
  2 fire giant simulacra
  A human simulacrum (Vaults:4)
  2 stone giant simulacra
  A frost giant simulacrum (Zig:7)
  A boulder beetle zombie (Crypt:1)
  2 shadows
  4 air elementals
  2 ettin skeletons
  12 snapping turtles
  A redback (shapeshifter) (Vaults:5)
  An ice dragon skeleton (Crypt:3)
  32 flying skulls
  23 wraiths
  4 redbacks (Gauntlet)
  55 yaks
  12 water elementals
  2 vampires
  3 ushabtiu (Zig:8)
  18 wyverns
  8 fire elementals
  4 ynoxinuls
  11 fire bats
  13 basilisks
  9 chaos spawn
  A human (shapeshifter) (Abyss:3)
  11 vampire mosquitoes
  10 golden eyes
  A golden eye (shapeshifter) (Vaults:4)
  4 steam dragons
  A hog (shapeshifter) (Depths:2)
  Grum (D:10)
  13 neqoxecs
  A basilisk (shapeshifter) (Vaults:2)
  A wind drake skeleton (Crypt:1)
  9 wargs
  5 insubstantial wisps
  59 nagas
  A soldier ant (shapeshifter) (D:15)
  2 swamp worms (Gauntlet)
  A spatial vortex (Abyss:4)
  Edmund (D:6)
  4 acid dragons
  A cane toad zombie (Crypt:2)
  2 soldier ants
  20 water moccasins
  A floating eye (shapeshifter) (Vaults:5)
  A monstrous demonspawn skeleton (Crypt:1)
  11 hell hounds
  93 orc warriors
  An ettin simulacrum (Vaults:4)
  3 swamp drakes
  8 ice beasts
  An ice beast (shapeshifter) (Abyss:2)
  5 phantoms
  4 sky beasts
  4 black bears
  A black bear (shapeshifter) (Vaults:1)
  7 necrophages
  A fire dragon simulacrum (Hell)
  2 ice dragon simulacra
  41 ogres
  A snapping turtle zombie (Crypt:3)
  7 eyes of draining
  19 centaurs
  A boggart (shapeshifter) (Vaults:5)
  A swamp dragon skeleton (Crypt:1)
  11 wolves
  16 boggarts
  2 human skeletons
  A dream sheep skeleton (Crypt:1)
  2 snapping turtle skeletons (Crypt:1)
  10 big kobolds
  2 yaktaur zombies
  21 bullfrogs
  3 gnoll sergeants (D:12)
  A wyvern zombie (D:14)
  A cyclops zombie (Crypt:3)
  An elf skeleton (Crypt:1)
  5 earth elementals
  A draconian skeleton (Crypt:2)
  A wyvern skeleton (D:14)
  8 scorpions
  A water moccasin skeleton (Crypt:1)
  5 electric eels
  2 howler monkeys
  A manticore simulacrum (Abyss:1)
  19 wights
  2 lava snakes (D:9)
  12 crimson imps
  3 centaur zombies
  71 starcursed masses
  6 quasits
  3 bullfrog zombies
  55 orc priests
  11 hounds
  5 jellies
  5 centaur skeletons
  6 iron imps
  35 orc wizards
  2 bullfrog skeletons
  3 iguanas
  9 hell rats (Lair:4)
  9 worker ants
  An acid dragon skeleton (Crypt:2)
  2 hound skeletons (D:5)
  5 hound zombies
  25 mummies
  6 worker ant zombies
  Robin (D:3)
  2 gnolls (D:12)
  13 adders
  A shadow imp (Abyss:1)
  A steam dragon skeleton (Crypt:3)
  6 white imps
  An ufetubus (Abyss:3)
  An ooze (D:5)
  A halfling zombie (Crypt:1)
  An adder skeleton (D:8)
  4 adder zombies
  2 worms
  A worm (shapeshifter) (Elf:1)
  2 dart slugs (D:1)
  6 leopard geckos
  165 orcs
  5 giant cockroaches
  14 goblins
  11 hobgoblins
  3 jackals (D:6)
  4 quokkas
  A ball python (D:1)
  A ball python skeleton (Crypt:3)
  8 bats
  4 frilled lizards (D:2)
  A frilled lizard skeleton (Crypt:2)
  A giant cockroach zombie (Ossuary)
  A hobgoblin skeleton (Crypt:2)
  A jackal skeleton (D:4)
  A jackal zombie (Ossuary)
  23 kobolds
  A leopard gecko zombie (Ossuary)
  3 orc zombies
  2 quokka skeletons
  A quokka zombie (Ossuary)
  5 rats
  A spectral orc (D:9)
  2 crawling corpses (Vaults:5)
  A fire vortex (D:9)
  2 fungi (Lair:6)
  A plant (Lair:6)
  7 starspawn tentacles
3504 creatures vanquished.

Vanquished Creatures (others)
  A ghost moth (Zot:3)
  A stone giant (Depths:2)
  A merfolk impaler (Zig:10)
  An ice dragon (Depths:2)
  A hydra (Zig:12)
  2 ogre magi
  A deep elf knight (Elf:2)
  A wizard (Depths:2)
  2 deep elf magi
  A jumping spider (shapeshifter) (Abyss:4)
  A naga mage (Snake:3)
  A cane toad (Zig:13)
  A tyrant leech (Zig:12)
  A blink frog (Zig:13)
  A slime creature (Zig:12)
  An air elemental (Elf:2)
  A water elemental (Elf:2)
  A fire bat (Abyss:4)
  A wight (D:15)
  A crimson imp (Abyss:3)
  A starcursed mass (Abyss:4)
  2 orcs
  2 fire vortices (D:9)
  30 fungi
  89 plants
  36 starspawn tentacles
  11 tentacles (Shoals:3)
  5 withered plants
198 creatures vanquished.

Grand Total: 3702 creatures vanquished

Notes
Turn   | Place    | Note
-------+----------+-------------------------------------------
     0 | D:1      | Peloso the Minotaur Fighter began the quest for the Orb.
     0 | D:1      | Reached XP level 1. HP: 19/19 MP: 0/0
   233 | D:1      | Reached XP level 2. HP: 27/27 MP: 1/1
   377 | D:1      | Found a glowing golden altar of the Shining One.
   902 | D:2      | Reached XP level 3. HP: 28/33 MP: 2/2
  1151 | D:2      | Reached XP level 4. HP: 40/40 MP: 3/3
  1264 | D:2      | Noticed an orc warrior
  1282 | D:2      | Killed an orc warrior
  1282 | D:2      | Reached skill level 1 in Dodging
  1282 | D:2      | Reached XP level 5. HP: 29/47 MP: 4/4
  1597 | D:2      | Reached skill level 5 in Armour
  1606 | D:2      | Reached skill level 5 in Shields
  1606 | D:2      | Reached XP level 6. HP: 45/53 MP: 5/5
  2047 | D:3      | Noticed Robin
  2066 | D:3      | Killed Robin
  2323 | D:3      | Found a broken altar of Ashenzari.
  2481 | D:3      | Reached skill level 5 in Long Blades
  2837 | D:4      | Found a staircase to the Ecumenical Temple.
  2917 | D:4      | Reached XP level 7. HP: 45/60 MP: 6/6
  2935 | D:4      | Reached skill level 1 in Stealth
  2957 | D:4      | Found a shimmering altar of Xom.
  2957 | D:4      | Found a stormy altar of Qazlal.
  3006 | D:4      | Noticed a +0 hand axe
  3007 | D:4      | Noticed a +0 hand axe
  3010 | D:4      | Found a hide-covered altar of Uskayaw.
  3072 | D:4      | Found a snail-covered altar of Cheibriados.
  3080 | D:4      | Found a radiant altar of Vehumet.
  3093 | D:4      | Found a sand-covered staircase.
  3107 | Ossuary  | Entered an ossuary
  3451 | Ossuary  | Reached XP level 8. HP: 67/67 MP: 7/7
  3466 | Ossuary  | Reached skill level 5 in Fighting
  3882 | D:4      | Found a sparkling altar of Nemelex Xobeh.
  4028 | Temple   | Entered the Ecumenical Temple
  4226 | D:5      | Entered Level 5 of the Dungeon
  4850 | D:6      | Found a bloodstained altar of Trog.
  4903 | D:6      | Noticed Edmund
  4905 | D:6      | Found a shadowy altar of Dithmenos.
  4914 | D:6      | Reached XP level 9. HP: 69/75 MP: 8/8
  4939 | D:6      | Killed Edmund
  5694 | D:7      | Reached skill level 10 in Long Blades
  6290 | D:8      | Found a shimmering altar of Xom.
  6553 | D:8      | Noticed a two-headed ogre
  6640 | D:7      | Killed a two-headed ogre
  6640 | D:7      | Reached XP level 10. HP: 47/86 MP: 9/9
  7014 | D:8      | Noticed Maurice
  7023 | D:8      | Killed Maurice
  7133 | D:8      | Noticed Joseph
  7144 | D:8      | Killed Joseph
  7144 | D:8      | Reached skill level 10 in Shields
  7937 | D:9      | Found an opulent altar of Gozag.
  8173 | D:9      | Found an iron altar of Okawaru.
  8185 | D:9      | Became a worshipper of Warmaster Okawaru
  8716 | D:9      | Noticed an eight-headed hydra
  8745 | D:9      | Reached * piety under Okawaru
  9330 | D:10     | Entered Level 10 of the Dungeon
  9400 | D:10     | Reached XP level 11. HP: 97/97 MP: 10/10
  9536 | D:10     | Noticed Grum
  9545 | D:10     | Reached ** piety under Okawaru
  9557 | D:10     | Killed Grum
 10003 | D:10     | Found a staircase to the Lair.
 10388 | D:11     | Got a masterwork chain mail
 10399 | D:11     | Identified the +4 chain mail of Hangman {rN++ Str-4 Stlth+}
                  | (You found it on level 11 of the Dungeon)
 10486 | D:11     | Noticed a boulder beetle
 10520 | D:11     | Killed a boulder beetle
 10800 | D:11     | Identified the +6 triple sword of the Piercing Scavenger
                  | {vorpal, +Fly Int+3 SInv} (You found it on level 11 of the
                  | Dungeon)
 10803 | D:11     | Noticed a green ugly thing
 10821 | D:11     | Killed a green ugly thing
 11449 | D:11     | Noticed a phantasmal warrior
 11449 | D:11     | Noticed a sun demon
 11452 | D:11     | Noticed a death knight
 11479 | D:11     | Killed a death knight
 11479 | D:11     | Reached *** piety under Okawaru
 11479 | D:11     | Reached skill level 1 in Invocations
 11485 | D:11     | Killed a phantasmal warrior
 11485 | D:11     | Reached skill level 10 in Fighting
 11844 | D:11     | Noticed Erolcha
 11850 | D:11     | Killed Erolcha
 11850 | D:11     | Reached **** piety under Okawaru
 12161 | D:9      | Killed a four-headed hydra
 12161 | D:9      | Reached XP level 12. HP: 28/107 MP: 8/12
 12487 | D:9      | Found a basalt altar of Yredelemnul.
 12925 | Lair:1   | Entered Level 1 of the Lair of Beasts
 13068 | Lair:1   | Reached skill level 1 in Polearms
 13282 | Lair:1   | Noticed an eight-headed hydra
 13428 | Lair:1   | Killed a four-headed hydra
 13538 | Lair:1   | Noticed a seven-headed hydra
 13618 | D:10     | Killed a five-headed hydra
 13956 | Lair:1   | Reached skill level 5 in Dodging
 14060 | Lair:1   | Reached ***** piety under Okawaru
 14095 | Lair:1   | Identified a scroll of acquirement
 14990 | Lair:2   | Found a staircase to the Shoals.
 15121 | Lair:2   | Noticed Harold
 15141 | Lair:2   | Killed Harold
 15528 | Lair:2   | Identified the Compendium of Burning Creation
 16187 | Lair:3   | Noticed a death yak
 16188 | Lair:3   | Noticed a death yak
 16188 | Lair:3   | Noticed a death yak
 16189 | Lair:3   | Noticed a death yak
 16189 | Lair:3   | Noticed a death yak
 16224 | Lair:3   | Killed a death yak
 16235 | Lair:3   | Killed a death yak
 16235 | Lair:3   | Reached ****** piety under Okawaru
 16235 | Lair:3   | Received a gift from Okawaru
 16235 | Lair:3   | Reached XP level 13. HP: 87/115 MP: 11/13
 17694 | D:12     | Found a staircase to the Orcish Mines.
 17975 | D:12     | Found a runed translucent gate.
 17976 | D:12     | Found a runed translucent gate.
 17977 | D:12     | Found a runed translucent gate.
 17977 | D:12     | Noticed Conn's ghost (journeyman OpVM)
 18009 | D:12     | Found Herr's Magic Scroll Emporium.
 18019 | D:12     | Bought a scroll of identify for 32 gold pieces
 18159 | D:12     | Received a gift from Okawaru
 18159 | D:12     | Reached skill level 10 in Armour
 18159 | D:12     | Reached skill level 15 in Shields
 18418 | Orc:1    | Entered Level 1 of the Orcish Mines
 18433 | Orc:1    | Noticed an orc warlord
 18461 | D:12     | Killed an orc warlord
 19190 | Orc:2    | Entered Level 2 of the Orcish Mines
 19372 | Orc:2    | Reached skill level 15 in Long Blades
 19823 | Orc:2    | Found a roughly hewn altar of Beogh.
 19972 | Orc:2    | Received a gift from Okawaru
 19983 | Orc:2    | Got a faintly glowing chain mail {god gift}
 19994 | Orc:2    | Identified the +13 chain mail of Ymewnau {Int+5} (Okawaru
                  | gifted it to you on level 2 of the Orcish Mines)
 20072 | Orc:2    | Found Sotwoni's Antique Weapon Emporium.
 20097 | Orc:2    | Found Fejaxt's Jewellery Shoppe.
 20582 | Orc:2    | Found a staircase to the Elven Halls.
 20659 | Orc:2    | Paralysed by an orc sorcerer for 5 turns
 20668 | Orc:2    | Reached XP level 14. HP: 107/126 MP: 14/14
 20918 | Orc:2    | Noticed an orc warlord
 20930 | Orc:2    | Killed an orc warlord
 21272 | Orc:2    | Noticed Saint Roka
 21526 | Orc:2    | Noticed an orc warlord
 21543 | Orc:2    | Killed an orc warlord
 21698 | Orc:2    | Paralysed by an orc sorcerer for 5 turns
 21920 | Orc:2    | Found a roughly hewn altar of Beogh.
 22103 | Orc:2    | Found Zuasodd's Book Boutique.
 22572 | Orc:2    | Found Foroim's Assorted Antiques.
 22591 | Orc:2    | Bought a scroll of magic mapping for 84 gold pieces
 22591 | Orc:2    | Bought a glowing black potion for 21 gold pieces
 22670 | Orc:2    | Killed Saint Roka
 22670 | Orc:2    | Received a gift from Okawaru
 23117 | Orc:2    | Bought the ring "Zutafrar" {rPois rC+ MR+ Int+4 Dex+3} for
                  | 926 gold pieces
 24437 | D:14     | Found a gate to the Vaults.
 25156 | D:15     | Entered Level 15 of the Dungeon
 25197 | D:15     | Found a gate leading to a gauntlet.
 25228 | Gauntlet | Entered a Gauntlet
 25228 | Gauntlet | Found a transporter.
 25228 | Gauntlet | Found a transporter.
 25228 | Gauntlet | Found a transporter.
 25236 | Gauntlet | Found a transporter.
 25238 | Gauntlet | Found a transporter.
 25253 | Gauntlet | Found a transporter.
 25257 | Gauntlet | Found a transporter.
 25275 | Gauntlet | Found a transporter.
 25365 | Gauntlet | Found a transporter.
 25379 | Gauntlet | Found a transporter.
 25381 | Gauntlet | Found a transporter.
 25389 | Gauntlet | Found a transporter.
 25610 | Gauntlet | Reached XP level 15. HP: 136/136 MP: 13/16
 25669 | Gauntlet | Got a clouded lapis lazuli ring
 25671 | Gauntlet | Identified the ring "Pysu Lyl" {+Blink rElec rPois rF+
                  | Dex+6} (You found it in a Gauntlet)
 25691 | Gauntlet | Received a gift from Okawaru
 25698 | Gauntlet | Got a translucent double sword {god gift}
 25699 | Gauntlet | Identified the +2 double sword of Haplil {antimagic, Str+4}
                  | (Okawaru gifted it to you in a Gauntlet)
 25742 | Gauntlet | Acquired 649 gold pieces
 26835 | D:15     | Found a portal to a secret trove of treasure.
 26892 | D:15     | Noticed an azure jelly
 26892 | D:15     | a death yak changed into an azure jelly
 26895 | D:15     | an azure jelly changed into an alligator snapping turtle
 26900 | D:15     | Noticed a fire giant
 26900 | D:15     | an alligator snapping turtle changed into a fire giant
 26906 | D:15     | Killed a fire giant
 27125 | D:15     | Found a staircase to the Depths.
 27760 | Lair:4   | Received a gift from Okawaru
 27813 | Lair:4   | Identified the Volume of the Creative Arsonist
 28178 | Lair:4   | Noticed Nergalle
 28186 | Lair:4   | Killed Nergalle
 28448 | Lair:4   | Found a staircase to the Snake Pit.
 29076 | Lair:5   | Found a staircase to the Slime Pits.
 29631 | Lair:6   | Entered Level 6 of the Lair of Beasts
 29638 | Lair:6   | Received a gift from Okawaru
 29804 | Lair:6   | Reached XP level 16. HP: 143/146 MP: 17/17
 29874 | Lair:6   | Paralysed by a hornet for 1 turns
 30034 | Lair:6   | Reached skill level 15 in Fighting
 30038 | Lair:6   | Received a gift from Okawaru
 30059 | Lair:6   | Found a hide-covered altar of Uskayaw.
 31505 | Snake:1  | Entered Level 1 of the Snake Pit
 31884 | Snake:1  | Received a gift from Okawaru
 34383 | Snake:3  | Reached XP level 17. HP: 130/156 MP: 18/18
 34617 | Snake:3  | Received a gift from Okawaru
 34809 | Snake:3  | Found Wuc Duesh's Distillery.
 35007 | Snake:3  | Found Ujafapn's Antique Weapon Shop.
 35020 | Snake:3  | Bought a potion of berserk rage for 80 gold pieces
 35020 | Snake:3  | Bought a potion of might for 64 gold pieces
 35020 | Snake:3  | Bought a potion of might for 64 gold pieces
 35020 | Snake:3  | Bought a potion of lignification for 48 gold pieces
 35098 | Snake:4  | Entered Level 4 of the Snake Pit
 35517 | Snake:4  | Received a gift from Okawaru
 35539 | Snake:4  | Got an ichor-stained falchion {god gift}
 35540 | Snake:4  | Identified the +12 falchion of Revolt {elec, Int+4}
                  | (Okawaru gifted it to you on level 4 of the Snake Pit)
 35869 | Snake:4  | Found Ituanuck's Antique Armour Shoppe.
 35885 | Snake:4  | Bought a glowing tower shield for 315 gold pieces
 36006 | Snake:4  | Received a gift from Okawaru
 36021 | Snake:4  | Got a spiked crystal plate armour {god gift}
 36043 | Snake:3  | Identified the +0 crystal plate armour of Emia {rElec Int+4
                  | Stlth-} (Okawaru gifted it to you on level 4 of the Snake
                  | Pit)
 36999 | Snake:4  | Reached XP level 18. HP: 115/167 MP: 19/19
 37332 | Snake:4  | Got a serpentine rune of Zot
 38211 | Elf:1    | Entered Level 1 of the Elven Halls
 38243 | Elf:1    | Found a flickering gateway to a bazaar.
 38250 | Elf:1    | Received a gift from Okawaru
 38254 | Elf:1    | Reached skill level 1 in Evocations
 38276 | Bazaar   | Entered a bazaar
 38432 | Bazaar   | Found Woxu's Distillery.
 38432 | Bazaar   | Found Poeg's Magic Scroll Shoppe.
 38436 | Bazaar   | Bought a scroll of identify for 24 gold pieces
 38475 | Bazaar   | Found Nitoiga's Assorted Antiques.
 38475 | Bazaar   | Found Madd's Distillery.
 38487 | Bazaar   | Bought a scroll of magic mapping for 84 gold pieces
 38499 | Bazaar   | Found Ytuz's Antique Weapon Shoppe.
 38586 | Bazaar   | Bought a scroll of blinking for 90 gold pieces
 38592 | Bazaar   | Bought a potion of mutation for 88 gold pieces
 38592 | Bazaar   | Bought a potion of heal wounds for 55 gold pieces
 38627 | Bazaar   | Bought a potion of might for 48 gold pieces
 38627 | Bazaar   | Bought a potion of might for 48 gold pieces
 39583 | Elf:1    | You fall into a shaft and drop 1 floor!
 39671 | Elf:2    | Received a gift from Okawaru
 40323 | Elf:2    | Got a scorched hand crossbow
 40495 | Elf:1    | Found a runed translucent door.
 41238 | Elf:2    | Found a runed translucent gate.
 41238 | Elf:2    | Found a runed translucent gate.
 41242 | Elf:2    | Found a runed translucent gate.
 41812 | Elf:3    | Entered Level 3 of the Elven Halls
 41831 | Elf:3    | Found Qyryucaa's General Store.
 41846 | Elf:3    | Found Luun's Armour Boutique.
 41853 | Elf:3    | Found Qipnu's Jewellery Emporium.
 41863 | Elf:3    | Bought the amulet of the Four Winds {rN+ MR+++ Clar} for
                  | 834 gold pieces
 41863 | Elf:3    | Found the amulet of the Four Winds {rN+ MR+++ Clar}
 41875 | Elf:3    | Identified the +5 hand crossbow of Dissatisfaction {freeze,
                  | +Fly rF++ Str-4 SInv} (You found it on level 2 of the Elven
                  | Halls)
 41899 | Elf:3    | Found Atem's Distillery.
 42291 | Elf:3    | Noticed a Brimstone Fiend
 42296 | Elf:3    | Noticed a Brimstone Fiend
 42314 | Elf:3    | HP: 8/168 [Brimstone Fiend/damnation[a deep elf
                  | demonologist] (26)]
 42714 | Elf:3    | Bought a potion of heal wounds for 75 gold pieces
 43040 | Elf:3    | Noticed an Ice Fiend
 43068 | Elf:3    | Noticed an Ice Fiend
 43078 | Elf:3    | Noticed a Tzitzimitl
 43503 | Elf:2    | Received a gift from Okawaru
 43506 | Elf:2    | Got a twisted hat {god gift}
 43513 | Elf:2    | Identified the +3 hat of the Stone Wall {*Contam rC+
                  | Regen+} (Okawaru gifted it to you on level 2 of the Elven
                  | Halls)
 43756 | Elf:2    | Reached XP level 19. HP: 146/177 MP: 20/20
 44611 | Elf:3    | Reached skill level 15 in Armour
 45057 | Elf:3    | Identified the amulet "Voezamn" {Reflect rN+ SH+5}
 45063 | Elf:3    | Identified the +8 rapier of Izuamu {vorpal, rElec rC+
                  | Stlth+}
 45066 | Elf:3    | Identified the ring of Xom's Pride {Wiz Str+7 Int+3}
 45333 | Elf:3    | Found the +3 hat of Pondering {ponderous, MR+ MP+10 Int+5}
 45360 | Elf:3    | Identified Jykuh's Catalogue of Supportive Confrontation
 46288 | D:15     | You paid a toll of 2 scrolls of acquirement to enter a
                  | treasure trove
 46289 | Trove    | Entered a treasure trove
 46295 | Trove    | Found the +2 shield of Resistance {rF++ rC++ MR++}
 46315 | Trove    | Got a bound ruby amulet
 46316 | Trove    | Identified the amulet of Zyolon {Faith rC- Str+2 Stlth+}
                  | (You found it in a treasure trove)
 46318 | Trove    | Got a scorched pewter ring
 46320 | Trove    | Identified the ring "Ywaepiap" {Fire MR+ Str-3 Int+5} (You
                  | found it in a treasure trove)
 46343 | Trove    | Identified the +9 demon blade of Reinforcement {drain,
                  | Str+4 Dex+3} (You found it in a treasure trove)
 46560 | Shoals:1 | Entered Level 1 of the Shoals
 46654 | Shoals:1 | Received a gift from Okawaru
 46950 | Shoals:1 | Identified the +2 war axe of Maewubil {protect, MR+ Str-3
                  | Int+4} (You found it on level 1 of the Shoals)
 47765 | Shoals:2 | Received a gift from Okawaru
 49445 | Shoals:4 | Entered Level 4 of the Shoals
 49445 | Shoals:4 | Identified Roxanne's Papyrus of Shape Shifting
 49445 | Shoals:4 | Noticed Roxanne
 49563 | Shoals:4 | Noticed Louise
 49605 | Shoals:4 | Killed Louise
 49641 | Shoals:4 | Received a gift from Okawaru
 49668 | Shoals:4 | Reached XP level 20. HP: 107/187 MP: 21/21
 50304 | Shoals:4 | Identified the +7 chain mail of Salvation {rF- Int+4 Slay+5
                  | SInv} (You found it on level 4 of the Shoals)
 50711 | Shoals:4 | Reached skill level 10 in Dodging
 50742 | Shoals:4 | Identified the Catalogue of Clay and Curses
 51079 | Shoals:4 | Identified the Reference Book on Lightness and Earth
 51448 | Shoals:4 | Killed Roxanne
 51515 | Shoals:4 | Got a barnacled rune of Zot
 52271 | D:12     | Bought a scroll of teleportation for 48 gold pieces
 52271 | D:12     | Bought a scroll of immolation for 56 gold pieces
 52316 | D:12     | Killed Conn's ghost
 53500 | Vaults:1 | Entered Level 1 of the Vaults
 53631 | Vaults:1 | Noticed Nikola
 53650 | Vaults:1 | Killed Nikola
 53849 | Vaults:1 | Found Keshri Ishying's Antique Armour Shoppe.
 53857 | Vaults:1 | Received a gift from Okawaru
 53896 | Vaults:1 | Bought a runed hat for 273 gold pieces
 53977 | Vaults:1 | Got a warped plate armour {god gift}
 53978 | Vaults:1 | Identified the +8 plate armour of Loss {rPois Str+3 SInv}
                  | (Okawaru gifted it to you on level 1 of the Vaults)
 54148 | Vaults:1 | Found Fiefuc's Gadget Emporium.
 54323 | Vaults:1 | Found Raukiocu's Weapon Emporium.
 55027 | Vaults:1 | Found Uwkups's Weapon Shop.
 55040 | Vaults:1 | Found Niarch's Gadget Boutique.
 55438 | Vaults:2 | Noticed Sojobo
 55466 | Vaults:2 | Killed Sojobo
 55474 | Vaults:2 | Received a gift from Okawaru
 55474 | Vaults:2 | Reached XP level 21. HP: 165/198 MP: 22/22
 56072 | Vaults:2 | Found a roughly hewn altar of Beogh.
 56370 | Vaults:2 | Got a slimy steel ring
 56371 | Vaults:2 | Identified the ring "Govouliu" {rC- MR+++ Str+6 Int-2
                  | Stlth-} (You found it on level 2 of the Vaults)
 57009 | Vaults:3 | Received a gift from Okawaru
 58146 | Vaults:3 | Found a staircase to the Crypt.
 58146 | Vaults:3 | Found an ancient bone altar of Kikubaaqudgha.
 58147 | Vaults:3 | Found a basalt altar of Yredelemnul.
 58351 | Vaults:4 | Found Sitecaq's General Store.
 58369 | Vaults:4 | Found a flickering gateway to a bazaar.
 58387 | Bazaar   | Entered a bazaar
 58401 | Bazaar   | Found Araifakk's Weapon Shoppe.
 58401 | Bazaar   | Found Kaget's Magic Scroll Emporium.
 58422 | Bazaar   | Found Ecvozxio's Assorted Antiques.
 58422 | Bazaar   | Found Vyras's Book Emporium.
 58441 | Bazaar   | Found Bour's Antique Weapon Emporium.
 58501 | Bazaar   | Bought a scroll of acquirement for 780 gold pieces
 58564 | Vaults:4 | Found a ruined gateway.
 58570 | Desolati | Entered the Desolation of Salt
 58622 | Desolati | Identified the +1 mace "Guitiyth" {vorpal, *Drain Dex+6}
 58710 | Desolati | Identified the ring "Femoity" {AC+4 Str+3}
 58791 | Desolati | Got a crude bronze ring
 58799 | Desolati | Got a scintillating bone ring
 58922 | Desolati | Reached skill level 27 in Shields
 58927 | Desolati | Received a gift from Okawaru
 59127 | Desolati | Got a glittering golden amulet
 59140 | Desolati | Identified the amulet of Ucosaurgh {Reflect rN++ SH+5} (You
                  | found it in the Desolation of Salt)
 59141 | Desolati | Identified the ring "Damnable Contraption" {rPois rC- MR+
                  | rCorr Int+3} (You found it in the Desolation of Salt)
 59142 | Desolati | Identified the ring of Ashruj {+Fly rF+ rC+} (You found it
                  | in the Desolation of Salt)
 59415 | Desolati | Reached XP level 22. HP: 169/209 MP: 23/23
 59459 | Desolati | Got pitted pearl dragon scales
 59527 | Desolati | Identified the +7 pearl dragon scales of Soifabes {rN+
                  | Str-4 Int+3} (You found it in the Desolation of Salt)
 61439 | Vaults:4 | Received a gift from Okawaru
 61442 | Vaults:4 | Got a bloodstained chain mail {god gift}
 61443 | Vaults:4 | Identified the +6 chain mail of Okawaru's Approval {rPois
                  | rF+ rC+ Regen+} (Okawaru gifted it to you on level 4 of the
                  | Vaults)
 61702 | Vaults:4 | Got an ichor-stained plate armour
 61703 | Vaults:4 | Identified the cursed +1 plate armour of Courage {MR+
                  | Regen+ Str+4} (You found it on level 4 of the Vaults)
 61748 | Vaults:5 | Entered Level 5 of the Vaults
 61756 | Vaults:5 | Paralysed by a floating eye for 4 turns
 62630 | Vaults:4 | Received a gift from Okawaru
 62849 | Vaults:5 | Got a clouded iron amulet
 62850 | Vaults:5 | Identified the amulet "Xappen" {Acrobat +Fly MR+} (You
                  | found it on level 5 of the Vaults)
 62957 | Vaults:5 | Identified the +3 long sword of Intuition {elec, Fragile
                  | +Fly rPois Stlth+}
 63167 | Vaults:5 | Identified the +5 leather armour "Iduch" {rC+ rCorr Slay+2}
 63171 | Vaults:5 | Reached XP level 23. HP: 222/222 MP: 24/24
 63202 | Vaults:5 | Received a gift from Okawaru
 63499 | Vaults:5 | Identified the cursed +0 hand crossbow of Ambiguity {penet,
                  | rElec rN+ Int-2}
 63499 | Vaults:5 | Identified the +4 ring mail "Acvoit" {Harm +Fly rElec
                  | Stlth-}
 63744 | Vaults:5 | Identified the +4 war axe "Spiderslayer" {antimagic, Str+3}
 64625 | Vaults:5 | Identified the +1 falchion "Moeloz" {protect, *Rage +Inv
                  | rElec Stlth+} (You found it on level 5 of the Vaults)
 65051 | Vaults:5 | Got a silver rune of Zot
 65069 | Vaults:5 | Identified the Incunabulum of Torrid Transmutation
 65072 | Vaults:5 | Identified the Collected Works on the Mutagenic Arsonist
 65917 | Crypt:1  | Entered Level 1 of the Crypt
 65931 | Crypt:1  | Noticed Mara
 65951 | Crypt:1  | Noticed Peloso's illusion
 66132 | Crypt:1  | Noticed Peloso's illusion
 66482 | Crypt:1  | Noticed Peloso's illusion
 66486 | Crypt:1  | Killed Mara
 66584 | Crypt:1  | Received a gift from Okawaru
 66598 | Crypt:1  | Identified the +1 demon blade of Uproquf {vamp, Dex+3}
                  | (Okawaru gifted it to you on level 1 of the Crypt)
 67611 | Crypt:2  | Received a gift from Okawaru
 68510 | Crypt:3  | Entered Level 3 of the Crypt
 68545 | Crypt:3  | Reached XP level 24. HP: 118/235 MP: 24/24
 68612 | Crypt:3  | Acquired a +2 double sword of electrocution
 69104 | Crypt:3  | Found a staircase to the Tomb.
 69322 | Crypt:3  | Received a gift from Okawaru
 69635 | Crypt:3  | Found an ancient bone altar of Kikubaaqudgha.
 69704 | Crypt:3  | Found the +2 hood of the Assassin {Detection Stab+ Stlth++}
 69753 | Crypt:3  | Identified the +6 glaive of Arbitration {speed, +Fly rPois
                  | MR++ Int-4} (You found it on level 3 of the Crypt)
 70070 | Crypt:3  | Found the +7 sceptre of Torment {pain, torment}
 70714 | Depths:1 | Entered Level 1 of the Depths
 70714 | Depths:1 | Found a gateway to Hell.
 70842 | Depths:1 | Found Opheut's Book Shoppe.
 70846 | Depths:1 | Found Ukobaig's Assorted Antiques.
 70847 | Depths:1 | Found Hikhlieja's General Store.
 70959 | Depths:1 | Found a radiant altar of Vehumet.
 70965 | Depths:1 | Received a gift from Okawaru
 71033 | Depths:1 | Identified the cursed +0 hat of the Barnacle {rC+} (You
                  | found it on level 1 of the Depths)
 71087 | Depths:1 | Reached skill level 5 in Stealth
 71103 | Depths:1 | Found Xyabreiwn's Jewellery Shoppe.
 71408 | Depths:1 | Got a flickering platinum ring
 71475 | Depths:1 | Found a broken altar of Ashenzari.
 72124 | Depths:2 | Reached XP level 25. HP: 247/247 MP: 24/24
 72473 | Depths:2 | Received a gift from Okawaru
 73475 | Depths:3 | Found a gateway to a ziggurat.
 73676 | Depths:3 | Noticed a greater mummy
 73682 | Depths:3 | Killed a greater mummy
 73687 | Depths:3 | Noticed a greater mummy
 74810 | Depths:3 | Killed a greater mummy
 74810 | Depths:3 | Received a gift from Okawaru
 74827 | Depths:3 | Noticed a greater mummy
 74847 | Depths:3 | Killed a greater mummy
 75078 | Depths:3 | Identified the cursed +0 buckler "Melygoz" {Regen+} (You
                  | found it on level 3 of the Depths)
 75079 | Depths:3 | Identified the cursed ring of Qistriruu {Str+2 Int-4} (You
                  | found it on level 1 of the Depths)
 75566 | Depths:3 | Found a one-way gate leading to the halls of Pandemonium.
 75994 | Depths:4 | Identified the +2 rapier "Venecs" {protect, Str+5 Int+2
                  | Dex-2}
 76138 | Depths:4 | Found Ankeceom's General Store.
 76315 | Depths:4 | Found Keaczule's Gadget Shoppe.
 76315 | Depths:4 | Found Beed's Jewellery Boutique.
 76316 | Depths:4 | Found Kiph's Jewellery Boutique.
 76349 | Depths:4 | Bought a cursed ring of attention for 58 gold pieces
 76625 | Depths:4 | Received a gift from Okawaru
 76786 | Depths:4 | Noticed a juggernaut
 76828 | Depths:4 | Killed a juggernaut
 76857 | Depths:4 | Noticed a juggernaut
 76861 | Depths:4 | Reached XP level 26. HP: 173/261 MP: 24/24
 76891 | Depths:4 | Killed a juggernaut
 77339 | Depths:4 | Reached skill level 27 in Long Blades
 77415 | Depths:4 | Received a gift from Okawaru
 77938 | Depths:4 | Found a one-way gate to the infinite horrors of the Abyss.
 78017 | Depths:4 | Reached skill level 27 in Fighting
 78591 | Depths:4 | Identified the +7 quarterstaff "Transmigrator" {venom,
                  | SInv} (You found it on level 4 of the Depths)
 78594 | Depths:4 | Upgraded the game from 0.26-a0-667-g92642533e4 to
                  | 0.26-a0-670-g578ab304f5
 78700 | Depths:5 | Entered Level 5 of the Depths
 80753 | Depths:5 | Received a gift from Okawaru
 80756 | Depths:5 | Got a pair of jewelled gloves {god gift}
 80767 | Depths:5 | Identified the +0 pair of gloves of Winter {+Fly rElec rC-
                  | Int+5} (Okawaru gifted it to you on level 5 of the Depths)
 80782 | Depths:5 | Found a gate to the Realm of Zot.
 81001 | Zot:1    | Entered Level 1 of the Realm of Zot
 82183 | Zot:2    | Reached XP level 27. HP: 273/273 MP: 24/24
 83584 | Zot:3    | Received a gift from Okawaru
 85212 | Orc:2    | Bought a potion of mutation for 192 gold pieces
 85212 | Orc:2    | Bought a potion of mutation for 192 gold pieces
 85837 | Depths:4 | Bought a +1 pair of boots of running for 657 gold pieces
 86292 | Snake:4  | Bought a runed cloak for 315 gold pieces
 86825 | Hell     | Entered the Vestibule of Hell
 86825 | Hell     | Noticed Geryon
 87750 | Hell     | Killed Geryon
 88067 | Depths:4 | Voluntarily entered the Abyss.
 88590 | Abyss:2  | Paralysed by accursed screaming for 1 turns
 88753 | Abyss:2  | Found a corrupted altar of Lugonu.
 89048 | Abyss:2  | Received a gift from Okawaru
 89342 | Abyss:2  | Reached skill level 27 in Armour
 89423 | Abyss:3  | Gained mutation: You tend to lose your temper in combat. [a
                  | neqoxec]
 89492 | Abyss:3  | Reached skill level 5 in Invocations
 90187 | Abyss:3  | Found a corrupted altar of Lugonu.
 90306 | Abyss:3  | Found a corrupted altar of Lugonu.
 90338 | Abyss:4  | Received a gift from Okawaru
 90593 | Abyss:4  | Reached skill level 10 in Invocations
 90609 | Abyss:4  | Gained mutation: Armour fits poorly on your strangely
                  | shaped body. [a neqoxec]
 90807 | Abyss:4  | Paralysed by accursed screaming for 2 turns
 90814 | Abyss:5  | Entered Level 5 of the Abyss
 90903 | Abyss:5  | Paralysed by accursed screaming for 1 turns
 90911 | Abyss:5  | HP: 12/273 [starcursed mass/accursed screaming (7)]
 91009 | Abyss:5  | Found a corrupted altar of Lugonu.
 91017 | Depths:4 | Escaped the Abyss
 91566 | Slime:1  | Entered Level 1 of the Pits of Slime
 91574 | Slime:1  | Received a gift from Okawaru
 91599 | Slime:1  | Gained mutation: You are weak. (Str -2) [a shining eye]
 92183 | Slime:5  | Entered Level 5 of the Pits of Slime
 92198 | Slime:5  | Gained mutation: You are clumsy. (Dex -2) [a shining eye]
 92200 | Slime:5  | Gained mutation: You have large cloven feet. [a shining
                  | eye]
 92205 | Slime:5  | Gained mutation: Your body sometimes deteriorates upon
                  | taking damage. [a shining eye]
 92211 | Slime:5  | Gained mutation: You are very weak. (Str -4) [a shining
                  | eye]
 92212 | Slime:5  | Gained mutation: You are frail. (-10% HP) [a shining eye]
 92215 | Slime:5  | Gained mutation: You have an increased reservoir of magic.
                  | (+10% MP) [a shining eye]
 92480 | Slime:5  | Reached skill level 15 in Invocations
 92801 | Slime:5  | Noticed the Royal Jelly
 92811 | Slime:5  | Killed the Royal Jelly
 92845 | Slime:5  | Received a gift from Okawaru
 93268 | Slime:5  | Found the ring of the Mage {Wiz MR++ Int+3}
 93268 | Slime:5  | Found the +6 lightning scales {run, rElec}
 93308 | Slime:5  | Got a slimy rune of Zot
 93313 | Slime:5  | Got a glittering jade ring
 93314 | Slime:5  | Identified the ring of Moffall {*Tele MP+9 Int+4} (You
                  | found it on level 5 of the Pits of Slime)
 93339 | Slime:5  | Got a coiled ruby amulet
 93340 | Slime:5  | Identified the amulet "Xozeczoe" {Faith Int+2} (You found
                  | it on level 5 of the Pits of Slime)
 93363 | Slime:5  | Got a pitted hand crossbow
 93533 | Lair:6   | Identified the +0 hand crossbow of Veozxu {elec, +Blink MR+
                  | Str+6 Int+4} (You found it on level 5 of the Pits of Slime)
 93712 | Lair:6   | Lost mutation: Your body sometimes deteriorates upon taking
                  | damage. [potion of mutation]
 93712 | Lair:6   | Lost mutation: Armour fits poorly on your strangely shaped
                  | body. [potion of mutation]
 93712 | Lair:6   | Gained mutation: You expend magic power (3 MP) to
                  | strengthen your wands. [potion of mutation]
 93713 | Lair:6   | Lost mutation: You have large cloven feet. [potion of
                  | mutation]
 93713 | Lair:6   | Lost mutation: You expend magic power (3 MP) to strengthen
                  | your wands. [potion of mutation]
 93713 | Lair:6   | Lost mutation: You are clumsy. (Dex -2) [potion of
                  | mutation]
 93713 | Lair:6   | Gained mutation: You are agile. (Dex +2) [potion of
                  | mutation]
 93714 | Lair:6   | Lost mutation: You are frail. (-10% HP) [potion of
                  | mutation]
 93714 | Lair:6   | Lost mutation: You tend to lose your temper in combat.
                  | [potion of mutation]
 93714 | Lair:6   | Lost mutation: You are very weak. (Str -4) [potion of
                  | mutation]
 93714 | Lair:6   | Gained mutation: Your natural rate of healing is unusually
                  | fast. [potion of mutation]
 93714 | Lair:6   | Gained mutation: Your movements are slightly less
                  | encumbered by armour. (ER -2) [potion of mutation]
 94117 | Zig:1    | Entered Level 1 of a ziggurat
 94151 | Zig:2    | Entered Level 2 of a ziggurat
 94151 | Zig:2    | Noticed a juggernaut
 94161 | Zig:2    | Killed a juggernaut
 94178 | Zig:3    | Entered Level 3 of a ziggurat
 94210 | Zig:4    | Entered Level 4 of a ziggurat
 94232 | Zig:4    | Paralysed by something for 7 turns
 94543 | Zig:5    | Entered Level 5 of a ziggurat
 94629 | Zig:5    | Reached skill level 1 in Unarmed Combat
 94737 | Zig:6    | Entered Level 6 of a ziggurat
 94757 | Zig:6    | Paralysed by accursed screaming for 2 turns
 94801 | Zig:6    | Got a scorched copper ring
 94827 | Zig:6    | Identified the ring "Ynil" {rF+ MR+ Int+2} (You found it on
                  | level 6 of a ziggurat)
 94834 | Zig:7    | Entered Level 7 of a ziggurat
 94883 | Zig:7    | Noticed a greater mummy
 94918 | Zig:7    | Killed a greater mummy
 95202 | Zig:7    | Identified the Collected Works on Scorching Darkness
 95209 | Zig:8    | Entered Level 8 of a ziggurat
 95647 | Zig:9    | Entered Level 9 of a ziggurat
 95697 | Zig:9    | Received a gift from Okawaru
 95763 | Zig:9    | Identified Sif Muna's Handbook of the Icy Rocks
 95784 | Zig:10   | Entered Level 10 of a ziggurat
 96057 | Zig:11   | Entered Level 11 of a ziggurat
 96407 | Zig:11   | Identified the Guide on Dusty Feathers
 96417 | Zig:11   | Identified the +1 scale mail of Kahodeup {rElec rPois
                  | Str-3} (You found it on level 11 of a ziggurat)
 96525 | Zig:12   | Entered Level 12 of a ziggurat
 96595 | Zig:12   | Found the amulet of the Air {Inacc +Fly rElec EV+5 RMsl}
 96618 | Zig:12   | Reached skill level 15 in Dodging
 96633 | Zig:12   | Got a flickering iron amulet
 96634 | Zig:12   | Identified the amulet "Luemass" {Acrobat Str+6} (You found
                  | it on level 12 of a ziggurat)
 96647 | Zig:12   | Identified the Papyrus of Bewitchment and Toxins
 96649 | Zig:12   | Identified Xiulaamp's Secret Knowledge, Part Three
 96683 | Zig:13   | Entered Level 13 of a ziggurat
 97465 | Zig:13   | Received a gift from Okawaru
 97483 | Zig:13   | Received a gift from Okawaru
 97558 | Zig:13   | Reached skill level 1 in Throwing
 97558 | Zig:13   | Reached skill level 1 in Spellcasting
 97594 | Zig:14   | Entered Level 14 of a ziggurat
 97627 | Zig:14   | Killed from afar by a hellion

Illustrated notes

Levels and vault maps discovered:
D:1:      matt_arrival_refuge, layout_basic, tso_altar
D:2:      layout_loops_ring
D:3:      layout_basic, lemuel_crystal_altar, uniq_robin
D:4:      layout_loops_cross, nemelex_xobeh_ov_fountains_minmay,
          dancing_weapons_uskayaw, overflow_temple_1_default, vehumet_crystals,
          gammafunk_temple_overflow_elements, minmay_temple_entry_nine_rooms,
          enter_ossuary_1
D:5:      layout_basic
D:6:      layout_rooms, grunt_dithmenos_smoke_and_mirrors, bloody_trog,
          uniq_edmund
D:7:      layout_gridville
D:8:      minmay_skewed_foursquare, layout_basic, tgw_xom, uniq_maurice,
          uniq_joseph
D:9:      layout_small_grid, nicolae_gozag_seed_capital, lemuel_crystal_altar,
          yredelemnul_forgotten_temple_becter, hangedman_incinerator
D:10:     layout_basic, lair_entry_dummy, uniq_grum
D:11:     layout_roguey, uniq_erolcha
D:12:     layout_roguey, kennysheep_orc_monster_closet_entryway, serial_shops,
          shop_scrolls, gammafunk_ghost_hydra_chop
D:13:     layout_cave_pools
D:14:     layout_roguey, david_vaults_2
D:15:     gammafunk_enter_depths_forms, layout_gridville,
          gauntlet_entry_generic, enter_trove_1
Temple:   compressed_dpeg_circular_temple
Lair:1:   layout_regular_city, chequers_serial_rivers_small_b,
          cheibrodos_lair_reptile_den, grunt_megastairs_2
Lair:2:   layout_cave_pods, elwin_shoals_entry_rooms, ldierk_geyser,
          serial_bayou_pond_e, nicolae_lair_grove_arrangements,
          roderic_carrion_pond, uniq_harold
Lair:3:   layout_long_grid
Lair:4:   layout_misc_corridors, minmay_snake_entry_guardpost_large,
          special_room [special_room_mythical_zoo], lookout_lair_type,
          minmay_shattered_shrine, uniq_nergalle
Lair:5:   layout_misc_corridors, dpeg_slime_entry_corner,
          minmay_lair_oklob_chamber, infiniplex_staircase_pool
Lair:6:   gammafunk_lair_ancient_temple, layout_regular_city, basic_altar
Shoals:1: layout_shoals
Shoals:2: layout_shoals, argonaut_gorgonesque
Shoals:3: layout_shoals
Shoals:4: shoals_end_simple, layout_shoals, overgrown_hall, uniq_roxanne,
          uniq_louise
Snake:1:  layout_layer_cave
Snake:2:  layout_misc_corridors
Snake:3:  layout_cave_shapes, guppyfry_library_mini, serial_bayou_shore_a,
          minmay_shoptagon
Snake:4:  johnstein_snake_rune_scales, layout_gridlike, serial_shops,
          nicolae_shop_crystal
Slime:1:  layout_caves, nicolae_slime_barrier
Slime:2:  layout_caves, nicolae_slime_welcoming_committee
Slime:3:  layout_caves
Slime:4:  layout_caves
Slime:5
Orc:1:    layout_diamond_mine
Orc:2:    pubby_orc_utopia, uniq_saint_roka
Elf:1:    layout_geoelf_octagon, serial_shops, bzr_entry_gold,
          hangedman_elf_represent, minivault_13
Elf:2:    layout_gridlike, grunt_ministairs_2,
          minmay_the_grid_square_5x5_3x3_mashed
          [minmay_the_grid_square_5x5_percent,
          minmay_the_grid_square_5x5_intrusive_squares,
          minmay_the_grid_square_5x5_bracketed,
          minmay_the_grid_square_5x5_broken_cross,
          minmay_the_grid_square_5x5_megaprize_hollow,
          minmay_the_grid_square_5x5_forky, minmay_the_grid_square_5x5_dogpile,
          minmay_the_grid_square_5x5_tetrominoes,
          minmay_the_grid_square_5x5_comb]
Elf:3:    minmay_elf_hall_curves, layout_geoelf_castle, serial_shops, shop,
          shop_fountains, shop, nicolae_shop_behind_doors
Vaults:1: vaults_room_grid, ontoclasm_vaults_loading_screen,
          nicolae_vaults_network_quincunx
          [nicolae_vaults_network_quincunx_subvault,
          nicolae_vaults_network_quincunx_subvault,
          nicolae_vaults_network_quincunx_subvault,
          nicolae_vaults_network_quincunx_subvault,
          nicolae_vaults_network_quincunx_subvault],
          nicolae_vaults_little_squares_1, hangedman_vaults_unwind,
          serial_ice_b, nicolae_vaults_what_the_h,
          nicolae_vaults_ring_of_whatevers, ontoclasm_vaults_spin, v_misc_11,
          v_misc_16, v_misc_22, layout_vaults_maze_bifur, serial_shops,
          nicolae_shop_trees, nicolae_shop_statue_plus, shop, shop_statue,
          nicolae_shop_stone, uniq_nikola
Vaults:2: nicolae_vaults_theta, v_pattern_4, v_misc_32,
          vaults_mumra_chevron_long, ontoclasm_vaults_bender,
          special_room_vaults [special_room_orc], nicolae_vaults_three_branches,
          vaults_room_pool, vaults_room_fancy_cross, hangedman_vaults_stitches,
          nicolae_vaults_mini_display_case, nicolae_vaults_specimen_jars,
          vaults_dpeg_hooks, vaults_dpeg_diagonal, layout_vaults_big_room,
          uniq_sojobo
Vaults:3: v_pattern_3, hangedman_vaults_river_flow, grunt_vaults_twisty,
          nicolae_vaults_back_hallway, vaults_dpeg_doors,
          ontoclasm_vaults_gateway, st_lattice, minmay_crypt_entry_necro_gods,
          layout_vaults_omnigrid
Vaults:4: v_misc_11, hangedman_vaults_maws, nicolae_vaults_twisting_passages,
          vaults_room_fours, vaults_dpeg_ring, nicolae_vaults_alarming,
          vaults_room_grunt_arrival_checkpoint, v_misc_8, vaults_dpeg_spiral,
          ontoclasm_vaults_ring_square, layout_vaults_omnibox,
          portal_desolation_entry_ruin, serial_shops, freezing_bzr,
          nicolae_shop_stone
Vaults:5: serial_shops
Crypt:1:  layout_gridlike, serial_corexii_hall, corexii_hall_statues_i,
          corexii_hall_statues_x, corexii_hall_statues_u,
          corexii_hall_statues_x, uniq_mara
Crypt:2:  layout_catacombs, minivault_4
Crypt:3:  church_of_pain_bobbens, layout_chaotic_city
Depths:1: layout_gridlike, nicolae_ashenzari_panopticon, hell_entry,
          minmay_shop_enchanted_jewellery, grunt_tower_of_power,
          grunt_megastairs_3, minmay_shop_star, firewood_loft
Depths:2: kennysheep_windowed_halls, layout_gridlike, grunt_hell_entry_dis_mu,
          lemuel_flamethrower_hall
Depths:3: ragdoll_tomb_raider, layout_basic, enter_ziggurat_b, serial_glass,
          glass_columns_c, glass_columns_a, lightli_too_deep,
          rand_demon_pan_entry_3, dk_noncrumbling_2
Depths:4: grunt_bent_corner, layout_twisted_cross, minmay_fountain_box,
          serial_shops, shop, hell_entry, abyss_entry_small_statue_room,
          minmay_staircase_windowed_small, minmay_shop_grove,
          grunt_megastairs_1, serial_bayou_shore_b, serial_bayou_shore_b
Depths:5: evilmike_zot_entry_gauntlet, layout_gridville,
          pf_hell_entry_great_geh, chequers_serial_rivers_marsh, abyss_entry
Hell
Zot:1:    layout_concentric_octagons
Zot:2:    layout_misc_corridors
Zot:3:    layout_misc_corridors
Zig:14

Skill      XL: |  1  2  3  4  5  6  7  8  9 10 11 12 13 14 15 16 17 18 19 20 21 22 23 24 25 26 27 |
---------------+----------------------------------------------------------------------------------+-----
Shields        | 4 5 6 7 9 11 12 14 16 17 19 20 22 23 24 26 27 | 27.0
Fighting       | 4 6 7 9 10 11 12 13 14 15 16 17 19 20 21 23 24 26 27 | 27.0
Long Blades    | 3 4 6 7 9 11 12 13 14 15 16 17 18 19 20 21 22 23 25 26 27 | 27.0
Armour         | 4 5 6 7 8 9 10 11 12 13 14 15 16 18 19 20 23 27 | 27.0
Dodging        | 1 2 3 4 5 6 7 8 9 10 11 12 13 15 | 15.5
Stealth        | 1 2 3 4 5 |  5.7
Invocations    | 1 2 3 18 | 18.4
Polearms       | 2 |  2.7
Evocations     | 1 2 |  2.3
Unarmed Combat | 4 |  4.3
Throwing       | 1 |  1.5
Spellcasting   | 1 |  1.0

Action                   |  1- 3 |  4- 6 |  7- 9 | 10-12 | 13-15 | 16-18 | 19-21 | 22-24 | 25-27 || total
-------------------------+-------+-------+-------+-------+-------+-------+-------+-------+-------++-------
Melee: Long sword        |    64 |   149 |   434 |   881 |    25 |       |       |       |       ||  1553
       Headbutt          |     7 |    24 |    96 |   249 |   426 |   465 |   589 |   648 |  1247 ||  3751
       Glaive            |       |       |       |    11 |       |       |       |       |       ||    11
       Demon blade       |       |       |       |       |  1389 |   548 |  1637 |  1636 |  3051 ||  8261
       Scimitar          |       |       |       |       |    60 |   111 |    14 |       |       ||   185
       Falchion          |       |       |       |       |       |   697 |       |       |       ||   697
       Double sword      |       |       |       |       |       |       |       |       |   114 ||   114
       Unarmed           |       |       |       |       |       |       |       |       |     1 ||     1
Invok: Heroism           |       |       |       |    16 |     7 |     3 |     4 |     1 |    10 ||    41
       Finesse           |       |       |       |       |     1 |       |       |       |       ||     1
Evoke: Wand              |       |       |       |     1 |       |    11 |     5 |       |       ||    17
  Use: Scroll            |     1 |     8 |    11 |     9 |    10 |    14 |    15 |    17 |    49 ||   134
       Potion            |     2 |     1 |       |     3 |       |    11 |     1 |       |     9 ||    27
 Stab: Paralysed         |       |       |       |     4 |       |       |       |       |       ||     4
       Petrified         |       |       |       |       |       |       |     2 |       |       ||     2
       Petrifying        |       |       |       |       |       |       |     1 |       |       ||     1
       Sleeping          |       |       |       |       |       |       |       |     3 |     1 ||     4
       Distracted        |       |       |       |       |       |       |       |     1 |       ||     1
Armor: Scale mail        |    31 |     7 |       |   110 |    84 |       |       |       |       ||   232
       Chain mail        |       |    78 |   110 |     1 |   343 |   323 |   168 |       |       ||  1023
       Plate armour      |       |       |       |   106 |       |       |   116 |   406 |   201 ||   829
       Gold dragon scale |       |       |       |       |       |       |       |       |   966 ||   966
Dodge: Dodged            |    15 |    39 |    67 |   242 |   308 |   398 |   450 |   504 |  1465 ||  3488
Block: Kite shield       |    33 |    92 |   286 |   711 |  1301 |  1438 |  1779 |  1881 |  4046 || 11567
       Reflection        |       |       |     9 |    22 |    50 |   178 |   168 |    59 |   104 ||   590
       Other             |       |       |       |    11 |       |       |       |       |       ||    11
       Rpst.: Long sword |     3 |    18 |    14 |    60 |     2 |       |       |       |       ||    97
       Demon blade       |       |       |       |       |    78 |    36 |    78 |    85 |   219 ||   496
       Scimitar          |       |       |       |       |     1 |     5 |       |       |       ||     6
       Falchion          |       |       |       |       |       |    34 |       |       |       ||    34
       Double sword      |       |       |       |       |       |       |       |       |    26 ||    26

Table legend: (Time is in decaauts)
 A = Elapsed time spent in this place.
 B = Non-inter-level travel time spent in this place.
 C = Inter-level travel time spent in this place.
 D = Time resting spent in this place.
 E = Time spent auto-exploring this place.
 F = Levels seen in this place.
 G = Mean time per level.
                   A        B        C        D        E       F      G
               +--------+--------+--------+--------+--------+-----+--------+
         Total |  94687 |  83959 |  10728 |  15001 |  41019 |  82 | 1154.7 |
       Dungeon |  19660 |  16423 |   3237 |   2244 |  10182 |  15 | 1310.7 |
        Temple |    141 |    141 |      0 |      0 |     90 |   1 |  141.0 |
          Lair |  11938 |   9505 |   2433 |      0 |   5353 |   6 | 1989.7 |
        Shoals |   5178 |   5002 |    176 |    658 |   2673 |   4 | 1294.5 |
     Snake Pit |   6120 |   5745 |    375 |    992 |   3438 |   4 | 1530.0 |
    Slime Pits |   1783 |   1723 |     60 |    944 |     45 |   5 |  356.6 |
  Orcish Mines |   4889 |   4145 |    744 |    830 |   2040 |   2 | 2444.5 |
   Elven Halls |   7284 |   6799 |    485 |   1905 |   2406 |   3 | 2428.0 |
        Vaults |   9982 |   8922 |   1060 |   1594 |   5063 |   5 | 1996.4 |
         Crypt |   3801 |   3590 |    211 |    273 |   2090 |   3 | 1267.0 |
        Depths |  11116 |   9339 |   1777 |   2519 |   4083 |   5 | 2223.2 |
          Hell |    111 |    111 |      0 |      0 |      0 |   1 |  111.0 |
           Zot |   3567 |   3402 |    165 |    548 |   2148 |   3 | 1189.0 |
         Abyss |   2631 |   2631 |      0 |      3 |    939 |   5 |  526.2 |
      Ziggurat |   3403 |   3403 |      0 |   2203 |      0 |  14 |  243.1 |
        Bazaar |    557 |    557 |      0 |      0 |    155 |   2 |  278.5 |
         Trove |     99 |     99 |      0 |      0 |      0 |   1 |   99.0 |
       Ossuary |    549 |    549 |      0 |     40 |    179 |   1 |  549.0 |
    Desolation |   1365 |   1365 |      0 |    248 |     75 |   1 | 1365.0 |
      Gauntlet |    504 |    504 |      0 |      0 |     55 |   1 |  504.0 |
               +--------+--------+--------+--------+--------+-----+--------+

Top non-repeatable levels by time:
   Orc:2: 4225 daAuts
  Lair:6: 3690 daAuts
   Elf:2: 3219 daAuts
Depths:4: 2956 daAuts
Depths:3: 2866 daAuts
Depths:1: 2324 daAuts
   Elf:3: 2304 daAuts
  Lair:1: 2268 daAuts
Vaults:5: 2132 daAuts
Vaults:1: 2130 daAuts
Vaults:3: 2076 daAuts
 Snake:4: 2044 daAuts
 Snake:3: 2032 daAuts
Vaults:4: 2006 daAuts
    D:11: 1972 daAuts
